 Dungeon Crawl Stone Soup version 0.29.1-12-g30fa7ad0bf (webtiles) character file.

Game seed: 7377475923117981885

767 bnorton916 the Caller (level 7, -1/36 HPs)
             Began as a Deep Elf Fire Elementalist on Dec 23, 2022.
             Was an Initiate of Gozag.
             Slain by an ogre
             ... wielding a +0 giant club
              (18 damage)
             ... on level 5 of the Dungeon.
             The game lasted 00:08:20 (6480 turns).

bnorton916 the Caller (Deep Elf Fire Elementalist)  Turns: 6480, Time: 00:08:21

Health: -1/36      AC:  4    Str: 11    XL:     7   Next: 52%
Magic:  11/17      EV: 12    Int: 22    God:    Gozag
Gold:   201        SH:  0    Dex: 15    Spells: 6/16 levels left

rFire   . . .      SeeInvis .   (no weapon)
rCold   . . .      Faith    .   (no shield)
rNeg    . . .      Spirit   .   a - +0 robe
rPois   .          Reflect  .   (no helmet)
rElec   .          Harm     .   A - +0 cloak
rCorr   .          Rampage  .   n - +0 pair of gloves
Will    .....                   (no boots)
Stlth   ++........              t - amulet of regeneration
HPRegen 0.92/turn               f - +6 ring of strength
MPRegen 0.15/turn               (no ring)

@: gold aura
A: no striking features
a: Renounce Religion, Potion Petition, Call Merchant, Bribe Branch


You were on level 5 of the Dungeon.
You worshipped Gozag.
Gozag was aware of your devotion.
You visited 1 branch of the dungeon, and saw 5 of its levels.

You collected 275 gold pieces.
You spent 33 gold pieces at shops.
You paid 41 gold pieces to Gozag.

Inventory:

Hand Weapons
 z - a +2 hand axe of venom
Armour
 a - a +0 robe (worn)
 n - a +0 pair of gloves (worn)
 r - a +0 leather armour
 w - a +0 buckler
 A - a +0 cloak (worn)
Jewellery
 f - a +6 ring of strength (left hand)
 t - an amulet of regeneration (around neck)
 y - an amulet of reflection
Wands
 s - a wand of polymorph (4)
Scrolls
 c - a scroll of torment {unknown}
 d - a scroll of blinking {unknown}
 g - 2 scrolls of noise
 h - a scroll of magic mapping {unknown}
 i - 2 scrolls of vulnerability
 j - 2 scrolls of summoning
 k - 4 scrolls of teleportation
 p - a scroll of enchant armour {unknown}
 x - a scroll of identify
Potions
 b - a potion of magic
 e - 4 potions of brilliance
 l - 2 potions of attraction {unknown}
 m - a potion of resistance {unknown}
 o - a potion of ambrosia {unknown}
 q - a potion of heal wounds {unknown}
 u - a potion of might {unknown}
 v - a potion of mutation {unknown}


   Skills:
 - Level 2.4 Dodging
 - Level 2.4 Stealth
 - Level 5.4 Spellcasting
 - Level 3.8 Conjurations
 + Level 6.1 Summonings
 - Level 5.0 Fire Magic


You had 6 spell levels left.
You knew the following spells:

 Your Spells              Type           Power      Damage    Failure   Level
a - Foxfire               Conj/Fire      100%       2x1d9     1%          1
b - Scorch                Fire           56%        2d7       1%          2
c - Conjure Flame         Conj/Fire      25%        6-21      4%          3
d - Summon Small Mammal   Summ           100%       N/A       1%          1
e - Call Canine Familiar  Summ           33%        N/A       2%          3

Your spell library contained the following spells:

 Spells                   Type           Power      Damage    Failure   Level
 Summon Guardian Golem    Hex/Summ       19%        N/A       9%          3
 Slow                     Hex            24%        N/A       10%         1
 Inner Flame              Hex/Fire       17%        N/A       11%         3
 Flame Wave               Conj/Fire      25%        2d8       16%         4
 Confusing Touch          Hex            6%         N/A       28%         3
 Vampiric Draining        Necr           6%         2d6       28%         3


Dungeon Overview and Level Annotations

Branches:
Dungeon (5/15)
 Temple: D:4-7

Altars:
Ashenzari
Cheibriados
Dithmenos
Fedhas
Gozag
Nemelex Xobeh
Okawaru
Sif Muna
The Shining One

Shops:
D:1 ?=?=

Annotations:
D:4 Blork the orc


Message History

The ogre shouts!
You hear an angry hiss.
The foxfire hits the ogre.
The ogre is lightly wounded.
The foxfire hits the ogre.
The ogre is moderately wounded.
Casting: Foxfire (safe; 1% risk of failure)
Confirm with . or Enter, or press ? or * to list all spells.
You conjure some foxfire!
An adder comes into view.
The foxfire hits the ogre.
The ogre is moderately wounded.
The foxfire hits the ogre!
The ogre is severely wounded.
Casting: Foxfire (safe; 1% risk of failure)
Confirm with . or Enter, or press ? or * to list all spells.
You conjure some foxfire!
The foxfire hits the ogre.
The ogre is severely wounded.
The foxfire hits the ogre.
The ogre is almost dead.
The ogre hits you with a +0 giant club!!
Ouch! That really hurt!
Unknown command.
Casting: Foxfire (safe; 1% risk of failure)
Confirm with . or Enter, or press ? or * to list all spells.
Flames lash the adder.
The adder is severely wounded.
The adder's fire resistance burns away.
The adder bites you but does no damage. The ogre barely misses you.
The adder barely misses you. The adder bites you but does no damage.
Unknown command.
Casting: Scorch (safe; 1% risk of failure)
Confirm with . or Enter, or press ? or * to list all spells.
Flames lash the adder.
The adder is burned terribly!
You kill the adder!
The ogre barely misses you.
The ogre hits you with a +0 giant club!!
Ouch! That really hurt!
You die...
Your body crumbles into a pile of gold.

#+######
#######.@....##########
.......$O###...........
...........##........#
######.#.#..#.#.#.##.###
#.#..#.#.....# ..##
#.##)..####..####..# #.
###. ##........ ## #
#.#####)# #.# #..


You could see an ogre.

Vanquished Creatures
  Menkaure (D:4)
  An ice beast (D:5)
  An ogre (D:5)
  A bullfrog (D:5)
  A scorpion (D:5)
  2 hounds
  2 jellies
  2 iguanas
  An orc wizard (D:5)
  10 adders
  6 dart slugs
  5 orcs
  5 ball pythons
  3 endoplasms
  2 giant cockroaches
  4 goblins
  4 hobgoblins
  2 jackals (D:2)
  A quokka (D:4)
  4 bats
  5 frilled lizards
  2 kobolds (D:1)
  4 rats
69 creatures vanquished.

Vanquished Creatures (others)
  271 foxfires
271 creatures vanquished.

Grand Total: 340 creatures vanquished

Notes
Turn   | Place    | Note
-------+----------+-------------------------------------------
     0 | D:1      | bnorton916 the Deep Elf Fire Elementalist began the quest
                  | for the Orb.
     0 | D:1      | Reached XP level 1. HP: 10/10 MP: 6/6
   219 | D:1      | Reached XP level 2. HP: 15/15 MP: 5/8
   605 | D:1      | Found Marueb's Jewellery Emporium.
   853 | D:1      | Found Odib's Magic Scroll Shop.
   857 | D:1      | Bought a scroll of identify for 22 gold pieces
   857 | D:1      | Bought a scroll of noise for 11 gold pieces
  1026 | D:1      | Found Saguji's Jewellery Shoppe.
  1086 | D:1      | Found Fean's Magic Scroll Emporium.
  1500 | D:2      | Reached XP level 3. HP: 19/19 MP: 7/10
  2061 | D:3      | Found a shimmering blue altar of Sif Muna.
  2309 | D:3      | Learned a level 2 spell: Scorch
  2313 | D:3      | Learned a level 3 spell: Conjure Flame
  2441 | D:3      | Reached XP level 4. HP: 24/24 MP: 8/12
  3039 | D:4      | Noticed Blork the orc
  3328 | D:4      | Found a snail-covered altar of Cheibriados.
  3815 | D:4      | HP: 1/24 [Blork the orc/puff of frost (9)]
  4178 | D:4      | Noticed Menkaure
  4352 | D:4      | Killed Menkaure
  4353 | D:4      | Reached skill level 5 in Spellcasting
  4353 | D:4      | Reached XP level 5. HP: 28/28 MP: 8/14
  4798 | D:4      | Reached skill level 5 in Fire Magic
  4798 | D:4      | Reached XP level 6. HP: 32/32 MP: 13/16
  4801 | D:4      | Learned a level 1 spell: Summon Small Mammal
  4963 | D:4      | Found a glowing golden altar of the Shining One.
  4963 | D:4      | Found a broken altar of Ashenzari.
  4977 | D:4      | Reached skill level 1 in Summonings
  5234 | D:4      | Found a blossoming altar of Fedhas.
  5244 | D:4      | Found a shadowy altar of Dithmenos.
  5245 | D:4      | Found a sparkling altar of Nemelex Xobeh.
  5250 | D:4      | Found an iron altar of Okawaru.
  5253 | D:4      | Found an opulent altar of Gozag.
  5258 | D:4      | Became a worshipper of Gozag Ym Sagoz the Greedy
  5416 | D:5      | Entered Level 5 of the Dungeon
  5451 | D:5      | Reached skill level 2 in Summonings
  5478 | D:5      | Learned a level 3 spell: Call Canine Familiar
  5538 | D:5      | Reached skill level 3 in Summonings
  5695 | D:5      | Reached skill level 4 in Summonings
  5695 | D:5      | Reached XP level 7. HP: 36/36 MP: 14/17
  6109 | D:5      | Reached skill level 5 in Summonings
  6334 | D:5      | Reached skill level 6 in Summonings
  6480 | D:5      | Slain by an ogre

Illustrated notes

Levels and vault maps discovered:
D:1:      scummos_arrival_gate, layout_basic, serial_shops, shop,
          nicolae_diamond_shop, shop, nicolae_lakefront_shop
D:2:      layout_basic, hangedman_decor_clover_reticule
D:3:      layout_basic, old_standard_altar
D:4:      layout_loops_ring, kennysheep_slug_shrine,
          nicolae_overflow_hallway_of_the_gods, enter_ossuary_1,
          kennysheep_generic_room_13, uniq_blork_the_orc, uniq_menkaure
D:5:      layout_basic, ebering_ghost_inner_flame, minmay_bent, uniq_grinder

Skill      XL: |  1  2  3  4  5  6  7 |
---------------+----------------------+-----
Conjurations   | 2 3 |  3.8
Spellcasting   | 4 5 |  5.4
Fire Magic     | 4 5 |  5.0
Summonings     | 4 6 |  6.1
Dodging        | |  2.4
Stealth        | |  2.4

Action                   |  1- 3 |  4- 6 |  7- 9 || total
-------------------------+-------+-------+-------++-------
 Cast: Foxfire           |    84 |    65 |    14 ||   163
       Scorch            |       |    17 |     8 ||    25
  Use: Scroll            |     1 |     3 |       ||     4
Armor: Robe              |       |     5 |     3 ||     8
Dodge: Dodged            |     3 |    19 |     8 ||    30
